Map: Cactus Valley LE (Void)

Players

Bioice - Winner!

  • Race: Zerg Zerg
  • League: Grandmaster
  • Spawn Location: 1:00

Railgan

  • Race: Zerg Zerg
  • League: Grandmaster
  • Spawn Location: 11:00

VOD

Have the link to the VOD?

Description

Time

  • Played on: March 22, 2017, 7:16 p.m.
  • Length: 6:12
Show
View Real Time Build Order
Export as new Build Order

Bioice Zerg - Winner!

Build Orders: Hatch First 

Get SALT Encoding   

  12  0:03  Drone  
  13  0:14  Overlord  
  13  0:17  Drone  
  14  0:32  Drone  
  14  0:33  Drone  
  16  0:51  Hatchery  
  16  0:55  Drone  
  16  0:59  Drone  
  16  1:03  Drone  
  18  1:09  Extractor  
  17  1:17  Spawning Pool  
  16  1:18  Drone  
  16  1:22  Drone  
  18  1:31  Drone  
  19  1:44  Drone  
  20  1:52  Overlord  
  20  2:03  Queen  
  20  2:04  Queen  
  20  2:05  Zergling x4  
  26  2:09  Metabolic Boost  
  26  2:13  Drone  
  28  2:15  Drone  
  28  2:23  Drone  
  28  2:27  Drone  
  30  2:36  Drone x2  
  32  2:51  Hatchery  
  31  2:53  Zergling x4  
  33  3:09  Overlord  
  33  3:15  Zergling x6  
  33  3:18  Roach Warren  
  35  3:26  Overlord  
  35  3:30  Zergling x4  
  35  3:31  Zergling x8  
  40  3:38  Zergling x2  
  41  3:42  Queen  
  41  3:51  Drone x2  
  43  3:57  Drone  
  43  3:58  Drone x4  
  46  4:11  Roach x3  
  51  4:18  Roach x3  
  57  4:34  Roach  
  57  4:44  Overlord x3  
  56  4:54  Overlord  
  56  5:05  Roach x5  
  56  5:06  Roach x4  
  72  5:14  Roach x4  
  80  5:25  Overlord x2  
  80  5:31  Overlord  
  80  5:36  Overlord  
  80  5:42  Overlord  
  80  5:43  Roach x2  
  80  5:44  Roach  
  80  5:47  Zergling x6  
  89  5:53  Roach  
Show
View Real Time Build Order
Export as new Build Order

Railgan Zerg 

Build Orders: Hatch First 

Get SALT Encoding   

  12  0:01  Drone  
  13  0:13  Overlord  
  13  0:19  Drone  
  14  0:31  Drone x2  
  14  0:35  Drone  
  17  0:55  Hatchery  
  16  0:58  Drone  
  16  0:59  Drone  
  18  1:12  Extractor  
  18  1:15  Spawning Pool  
  16  1:19  Drone  
  16  1:21  Drone  
  18  1:28  Drone  
  19  1:39  Overlord  
  19  1:59  Drone  
  20  2:01  Drone  
  20  2:02  Queen  
  20  2:06  Queen  
  20  2:07  Zergling x2  
  26  2:11  Drone  
  27  2:15  Metabolic Boost  
  27  2:19  Drone  
  28  2:33  Hatchery  
  27  2:40  Drone x2  
  27  2:42  Zergling x2  
  30  2:46  Overlord  
  30  2:49  Drone  
  31  2:51  Zergling x2  
  31  2:57  Drone  
  33  3:03  Drone  
  33  3:08  Baneling Nest, Zergling x2  
  33  3:13  Zergling x2  
  33  3:16  Queen  
  33  3:19  Drone  
  37  3:23  Zergling x4  
  37  3:24  Drone  
  40  3:28  Zergling x2  
  40  3:32  Zergling x2  
  41  3:36  Overlord  
  41  3:37  Zergling x2  
  42  3:42  Zergling x4  
  43  3:48  Zergling x4  
  43  3:49  Overlord  
  43  3:50  Zergling x2  
  43  3:54  Baneling x3  
  46  3:58  Zergling x2  
  46  3:59  Zergling x2  
  46  4:00  Baneling  
  47  4:17  Zergling x2  
  47  4:18  Zergling x12  
  54  4:29  Roach Warren  
  51  4:43  Drone  
  51  4:44  Drone x8  
  60  4:46  Drone  
  60  4:49  Drone  
  62  4:55  Drone  
  62  4:58  Drone  
  63  5:04  Drone x2  
  63  5:06  Lair  
  61  5:12  Drone x4  
  64  5:15  Extractor  
  64  5:16  Extractor  
  61  5:27  Drone  
  61  5:28  Drone x3  
  65  5:29  Overlord  
  65  5:35  Overlord  
  65  5:36  Evolution Chamber  
  65  5:39  Overlord x2  
  65  5:40  Overlord  
  64  5:46  Overlord  
  64  5:49  Roach x4  
  72  5:51  Overlord  
Tags
 
Add a new tag
Caveats
  • Supply blocks, unpowered buildings, or Contaminate may cause inaccurate times.
  • Supply counts are checked every 10 seconds.